 Dungeon Crawl Stone Soup version 0.20-a0-689-g860b9ab (webtiles) character file.

466 Laan the Chopper (level 7, -1/52 HPs)
             Began as a Formicid Fighter on Feb 19, 2017.
             Was an Initiate of Makhleb.
             Slain by Duvessa
             ... wielding a +0 short sword
              (4 damage)
             ... on level 4 of the Dungeon.
             The game lasted 00:06:37 (3422 turns).

Laan the Chopper (Formicid Fighter)                 Turns: 3422, Time: 00:06:38

Health: -1/52      AC: 10    Str: 23    XL:     7   Next: 30%
Magic:  16/16      EV:  6    Int:  7    God:    Makhleb [......]
Gold:   215        SH:  9    Dex: 10    Spells: 6/6 levels left

rFire    . . .     SeeInvis +   a - +0 war axe
rCold    . . .     Gourm    .   q - +0 chain mail
rNeg     . . .     Faith    .   c - +0 shield
rPois    .         Spirit   .   (helmet unavailable)
rElec    .         Reflect  .   (no cloak)
rCorr    .         Harm     .   (no gloves)
MR       .....                  m - +0 pair of boots
Stlth    ..........             (no amulet)
Regen    0.2/turn               (no ring)
MPRegen  0.2/turn               e - ring of magical power (curse)

@: no status effects
A: permanent stasis, dig shafts and tunnels, four strong arms, antennae 3
a: Dig, Shaft Self, Renounce Religion


You were on level 4 of the Dungeon.
You worshipped Makhleb.
Makhleb was noncommittal.
You were hungry.

You visited 2 branches of the dungeon, and saw 5 of its levels.

You collected 215 gold pieces.

Inventory:

Hand Weapons
 a - a +0 war axe (weapon)
Missiles
 g - 12 tomahawks (quivered)
Armour
 c - a +0 shield (worn)
 m - a +0 pair of boots (worn)
 q - a +0 chain mail (worn)
Jewellery
 b - an uncursed ring of see invisible {unknown}
 e - a cursed ring of magical power (left hand)
Wands
 p - a wand of lightning (2/15)
 u - a wand of polymorph (5/24)
Scrolls
 h - 2 scrolls of teleportation {unknown}
 j - 2 scrolls of noise {unknown}
 k - a scroll of recharging {unknown}
 n - a scroll of remove curse {unknown}
 o - a scroll of enchant armour {unknown}
 r - a scroll of identify {unknown}
 v - a scroll of magic mapping {unknown}
Potions
 d - a potion of flight
Books
 t - a book of Cantrips

   Spells                             Type                      Level
   a - Confusing Touch                Hexes                        1
   b - Animate Skeleton               Necromancy                   1
   c - Summon Small Mammal            Summoning                    1
   d - Apportation                    Translocation                1
Comestibles
 f - 2 bread rations
 i - a chunk of flesh
 s - 2 royal jellies
 w - 4 fruits


   Skills:
 - Level 3.2 Fighting
 + Level 7.4 Axes
 - Level 3.2 Armour
 - Level 3.6 Shields


You had 6 spell levels left.
You didn't know any spells.

Dungeon Overview and Level Annotations

Branches:
Dungeon (4/15)             Temple (1/1) D:4

Altars:
Dithmenos
Gozag
Hepliaklqana
Kikubaaqudgha
Makhleb
Nemelex Xobeh
Ru
Sif Muna
Trog
Vehumet
Zin
The Shining One

Annotations:
D:4 Dowan, Duvessa


Innate Abilities, Weirdness & Mutations

You cannot be hasted, slowed, berserked, paralysed or teleported.
You can dig through walls and to a lower floor.
Your four strong arms can wield two-handed weapons with a shield.
You have a pair of large antennae on your head. (SInv)


Message History

Dowan is lightly wounded.
Your shield and chain mail prevent you from hitting Duvessa.
You block Duvessa's attack.
Dowan mumbles some strange words.
Dowan blinks!
Duvessa hits you but does no damage.
You closely miss Duvessa.
Duvessa is severely wounded.
Duvessa hits you but does no damage. Duvessa hits you with a short sword!
* * * LOW HITPOINT WARNING * * *
You feel better. Duvessa hits you with a short sword.
* * * LOW HITPOINT WARNING * * *
You hit Duvessa but do no damage.
Duvessa is severely wounded.
Duvessa hits you but does no damage. x2
You hit Duvessa.
Duvessa is almost dead.
Duvessa hits you with a short sword.
* * * LOW HITPOINT WARNING * * *
Duvessa hits you with a short sword.
You die...

.#.................#
.##..)...........###
.##............(.#
....####........##
..### #..........#####
..# #..............#
..#####.........e....#
.....................#
..#####.........@e...#
.....###........#%...#
...#.###....>...#....#
.#...##..######.#....#
..#.....## #.#....#
#.......## #.######
##.......# #.#
#.......#### #.#
#............


You could see Duvessa and Dowan.

Vanquished Creatures
  An ogre (D:4)
  A hound (D:4)
  3 orc wizards (D:3)
  Ijyb (D:3)
  2 worker ants
  A gnoll (D:1)
  7 adders
  An ooze (D:2)
  4 worms
  4 dart slugs
  5 leopard geckos
  11 orcs
  3 bats
  4 giant cockroaches
  6 goblins
  6 hobgoblins
  6 jackals
  10 kobolds
  3 quokkas
  A ball python (D:1)
  7 frilled lizards
  10 rats
97 creatures vanquished.

Notes
Turn   | Place    | Note
-------+----------+-------------------------------------------
     0 | D:1      | Laan the Formicid Fighter began the quest for the Orb.
     0 | D:1      | Reached XP level 1. HP: 18/18 MP: 1/1
   230 | D:1      | Reached XP level 2. HP: 24/24 MP: 2/2
   297 | D:1      | Reached skill level 3 in Axes
   297 | D:1      | Reached XP level 3. HP: 2/29 MP: 3/3
   297 | D:1      | HP: 1/29 [bat (1)]
  1122 | D:2      | Reached XP level 4. HP: 35/35 MP: 4/4
  1141 | D:2      | Reached skill level 4 in Axes
  1908 | D:3      | Reached XP level 5. HP: 29/41 MP: 5/5
  1977 | D:3      | Found a deep blue altar of Sif Muna.
  2006 | D:3      | Noticed Ijyb
  2017 | D:3      | Killed Ijyb
  2017 | D:3      | Reached skill level 5 in Axes
  2140 | D:3      | Reached XP level 6. HP: 13/47 MP: 6/6
  2170 | D:3      | Reached skill level 6 in Axes
  2409 | D:3      | Found an ancient bone altar of Kikubaaqudgha.
  2859 | D:4      | Noticed an ogre
  2863 | D:4      | Reached XP level 7. HP: 49/52 MP: 7/7
  2870 | D:4      | Reached skill level 7 in Axes
  3166 | D:4      | Found a staircase to the Ecumenical Temple.
  3172 | Temple   | Entered the Ecumenical Temple
  3213 | Temple   | Became a worshipper of Makhleb the Destroyer
  3246 | D:4      | Found a sacrificial altar of Ru.
  3402 | D:4      | Noticed Dowan
  3403 | D:4      | Noticed Duvessa
  3422 | D:4      | Slain by Duvessa

Vault maps used:
D:1:      matt_arrival_los_fun
D:3:      nicolae_overflow_crystal_walls, lemuel_blue_sif_altar, uniq_iyjb
D:4:      kennysheep_little_box, minmay_temple_entry_fiery, uniq_duvessa
Temple:   compressed_dpeg_circular_temple

Skill      XL: |  1  2  3  4  5  6  7 |
---------------+----------------------+-----
Axes           | 3 4 5 6 7 |  7.4
Fighting       | |  3.2
Armour         | |  3.2
Shields        | |  3.6

Action                   |  1- 3 |  4- 6 |  7- 9 || total
-------------------------+-------+-------+-------++-------
Melee: War axe           |    97 |   170 |    35 ||   302
  Use: Potion            |     2 |     4 |     2 ||     8
  Eat: Chunk             |     1 |     6 |     1 ||     8
Armor: Scale mail        |    53 |    38 |       ||    91
       Chain mail        |       |    45 |    19 ||    64
Dodge: Dodged            |    32 |    37 |     6 ||    75
Block: Shield            |    57 |    88 |    18 ||   163
